TOP OF THE 1ST |
Hammond Herons batting - Pitching for Columbia River Rats : RHP Anderson O'Mara
|
Pitching: RHP Anderson O'Mara
|
|
Batting: RHB Pancho Núñez
|
0-0: Called Strike 0-1: Bunt missed! 0-2: Fly out, F4 (Popup, 4)
|
Batting: LHB Philip Strickland
|
0-0: Fly out, F7 (Flyball, 7S)
|
Batting: RHB Maikel Cobblepot
|
0-0: Swinging Strike 0-1: Ball 1-1: Foul Ball, location: 2F 1-2: Ball 2-2: Ball 3-2: Base on Balls
|
Batting: LHB Roberto Veliz
|
0-0: Foul Ball, location: 2F 0-1: Foul Ball, location: 2F 0-2: Ball 1-2: Foul Ball, location: 2F 1-2: Foul Ball, location: 2F 1-2: Foul Ball, location: 2F 1-2: Ball Maikel Cobblepot steals 2nd base 2-2: Ball 3-2: DOUBLE (Groundball, 5L) Maikel Cobblepot scores
|
Batting: RHB Héctor Rivera
|
0-0: Called Strike 0-1: Fly out, F5 (Line Drive, 5)
|
Top of the 1st over - 1 run(s), 1 hit(s), 0 error(s), 1 left on base; Hammond 1 - Columbia 0 |
BOTTOM OF THE 1ST |
Columbia River Rats batting - Pitching for Hammond Herons : RHP José Díaz
|
Pitching: RHP José Díaz
|
|
Batting: RHB Baldomero Avino
|
0-0: Called Strike 0-1: SINGLE (Line Drive, 78S)
|
Batting: LHB António Ramos
|
0-0: Ball 1-0: Called Strike 1-1: Ball 2-1: Called Strike 2-2: Strikes out swinging
|
Batting: RHB Ed Lastinger
|
0-0: Called Strike 0-1: Fly out, F3 (Popup, 3)
|
Batting: RHB Lorenzo Rosas
|
0-0: Swinging Strike 0-1: Called Strike 0-2: Strikes out swinging
|
Bottom of the 1st over - 0 run(s), 1 hit(s), 0 error(s), 1 left on base; Hammond 1 - Columbia 0 |
TOP OF THE 2ND |
Hammond Herons batting - Pitching for Columbia River Rats : RHP Anderson O'Mara
|
Batting: RHB Sergio Pérez
|
0-0: Foul Ball, location: 2F 0-1: Ball 1-1: Fly out, F9 (Flyball, 89M)
|
Batting: RHB Joel Galindo
|
0-0: Ball 1-0: Ball 2-0: Called Strike 2-1: Fly out, F8 (Flyball, 8LM)
|
Batting: RHB Theodore York
|
0-0: Called Strike 0-1: Ball 1-1: Ball 2-1: SINGLE (Flyball, 7M)
|
Batting: RHB José Jarca
|
0-0: Fly out, F5 (Popup, 5F)
|
Top of the 2nd over - 0 run(s), 1 hit(s), 0 error(s), 1 left on base; Hammond 1 - Columbia 0 |
BOTTOM OF THE 2ND |
Columbia River Rats batting - Pitching for Hammond Herons : RHP José Díaz
|
Batting: RHB Miguel Delgado
|
0-0: Ball 1-0: Ball 2-0: Called Strike 2-1: Fly out, F4 (Popup, 34D)
|
Batting: RHB Héctor Gallegos
|
0-0: Called Strike 0-1: Ball 1-1: SINGLE (Line Drive, 8LS)
|
Batting: RHB Miguel Montoya
|
0-0: Ball 1-0: Ball 2-0: Ball Wild Pitch! Héctor Gallegos to second 3-0: Called Strike 3-1: Fly out, F6 (Popup, 6MD)
|
Batting: RHB Owen Cannon
|
0-0: Swinging Strike 0-1: Ball 1-1: Ground out 6-3 (Groundball, 6)
|
Bottom of the 2nd over - 0 run(s), 1 hit(s), 0 error(s), 1 left on base; Hammond 1 - Columbia 0 |
TOP OF THE 3RD |
Hammond Herons batting - Pitching for Columbia River Rats : RHP Anderson O'Mara
|
Batting: RHB Pancho Núñez
|
0-0: Ball 1-0: Ball 2-0: Foul Ball, location: 2F 2-1: Ball 3-1: Ground out 4-3 (Groundball, 34)
|
Batting: LHB Philip Strickland
|
0-0: Called Strike 0-1: Foul Ball, location: 2F 0-2: Fly out, F8 (Flyball, 8LM)
|
Batting: RHB Maikel Cobblepot
|
0-0: Called Strike Single, Error in OF, E8, batter to second base
|
Batting: LHB Roberto Veliz
|
0-0: Called Strike 0-1: Ground out 1-3 (Groundball, 23)
|
Top of the 3rd over - 0 run(s), 1 hit(s), 1 error(s), 1 left on base; Hammond 1 - Columbia 0 |
BOTTOM OF THE 3RD |
Columbia River Rats batting - Pitching for Hammond Herons : RHP José Díaz
|
Batting: SHB Alejandro Castillo
|
0-0: Swinging Strike 0-1: Ball 1-1: Swinging Strike 1-2: Ball 2-2: Fly out, F7 (Flyball, 7S)
|
Batting: RHB Baldomero Avino
|
0-0: Called Strike 0-1: Called Strike 0-2: Strikes out swinging
|
Batting: LHB António Ramos
|
0-0: Called Strike 0-1: Ground out 6-3 (Groundball, 6M)
|
Bottom of the 3rd over - 0 run(s), 0 hit(s), 0 error(s), 0 left on base; Hammond 1 - Columbia 0 |
TOP OF THE 4TH |
Hammond Herons batting - Pitching for Columbia River Rats : RHP Anderson O'Mara
|
Batting: RHB Héctor Rivera
|
0-0: Ball 1-0: Foul Ball, location: 2F 1-1: Foul Ball, location: 2F 1-2: Foul Ball, location: 2F 1-2: Strikes out looking
|
Batting: RHB Sergio Pérez
|
0-0: Swinging Strike 0-1: Fly out, F8 (Flyball, 8LM)
|
Batting: RHB Joel Galindo
|
0-0: Called Strike 0-1: Ball 1-1: Foul Ball, location: 2F 1-2: Foul Ball, location: 2F 1-2: Fly out, F9 (Flyball, 89M)
|
Top of the 4th over - 0 run(s), 0 hit(s), 0 error(s), 0 left on base; Hammond 1 - Columbia 0 |
BOTTOM OF THE 4TH |
Columbia River Rats batting - Pitching for Hammond Herons : RHP José Díaz
|
Batting: RHB Ed Lastinger
|
0-0: Ball 1-0: Called Strike 1-1: SINGLE (Groundball, 56D)
|
Batting: RHB Lorenzo Rosas
|
0-0: Ball 1-0: Called Strike 1-1: Foul Ball, location: 2F 1-2: Strikes out looking
|
Batting: RHB Miguel Delgado
|
0-0: Called Strike 0-1: Ball 1-1: Ball 2-1: Ball 3-1: Base on Balls Ed Lastinger to second
|
Batting: RHB Héctor Gallegos
|
0-0: Called Strike 0-1: Called Strike 0-2: Ball 1-2: Ball 2-2: Ball 3-2: Base on Balls Ed Lastinger to third Miguel Delgado to second
|
Batting: RHB Miguel Montoya
|
0-0: Ball 1-0: Called Strike 1-1: Fly out, F8 (Flyball, 8LM) Runner from 3rd tags up, SCORES, no throw
|
Batting: RHB Owen Cannon
|
0-0: Ball 1-0: Foul Ball, location: 2F 1-1: Fly out, F8 (Flyball, 8RS)
|
Bottom of the 4th over - 1 run(s), 1 hit(s), 0 error(s), 2 left on base; Hammond 1 - Columbia 1 |
TOP OF THE 5TH |
Hammond Herons batting - Pitching for Columbia River Rats : RHP Anderson O'Mara
|
Batting: RHB Theodore York
|
0-0: Ball 1-0: DOUBLE (Line Drive, 78M)
|
Batting: RHB José Jarca
|
0-0: SINGLE (Flyball, 78M) Theodore York to third
|
Batting: RHB Pancho Núñez
|
0-0: Ball 1-0: Swinging Strike 1-1: Ball 2-1: Ball 3-1: Foul Ball, location: 2F 3-2: SINGLE (Groundball, 6MD) (infield hit) Theodore York scores José Jarca to second
|
Batting: LHB Philip Strickland
|
0-0: Ball 1-0: Reached on error, E5 (Groundball, 56S) José Jarca to third Pancho Núñez to second
|
Batting: RHB Maikel Cobblepot
|
0-0: Called Strike 0-1: Ball 1-1: Foul Ball, location: 2F 1-2: Foul Ball, location: 2F 1-2: Fly out, F5 (Line Drive, 56S)
|
Batting: LHB Roberto Veliz
|
0-0: Ball 1-0: Fly out, F7 (Flyball, 7LM) Runner from 3rd tags up, SCORES, no throw
|
Batting: RHB Héctor Rivera
|
0-0: Ball 1-0: Ball 2-0: DOUBLE (Line Drive, 3D) Pancho Núñez scores Philip Strickland to third Runner from 3rd tries for Home, SAFE, no throw or cutoff
|
Batting: RHB Sergio Pérez
|
0-0: Foul Ball, location: 2F 0-1: Ball 1-1: Foul Ball, location: 2F 1-2: Ball 2-2: Ball 3-2: Foul Ball, location: 2F 3-2: Fly out, F1 (Line Drive, 13)
|
Top of the 5th over - 4 run(s), 4 hit(s), 1 error(s), 1 left on base; Hammond 5 - Columbia 1 |
BOTTOM OF THE 5TH |
Columbia River Rats batting - Pitching for Hammond Herons : RHP José Díaz
|
Batting: SHB Alejandro Castillo
|
0-0: Ball 1-0: SINGLE (Groundball, 6MD)
|
Batting: RHB Baldomero Avino
|
0-0: Ball 1-0: Foul Ball, location: 2F 1-1: Ball Wild Pitch! Alejandro Castillo to second 2-1: SINGLE (Line Drive, 7LS) Alejandro Castillo to third
|
Batting: LHB António Ramos
|
0-0: Ball 1-0: Called Strike 1-1: Ball 2-1: Foul Ball, location: 2F 2-2: Fly out, F5 (Popup, 5SF)
|
Batting: RHB Ed Lastinger
|
0-0: Fly out, F3 (Popup, 3S)
|
Batting: RHB Lorenzo Rosas
|
0-0: Ball 1-0: Fielders Choice at 2nd, U4 (Groundball, 4M)
|
Bottom of the 5th over - 0 run(s), 2 hit(s), 0 error(s), 2 left on base; Hammond 5 - Columbia 1 |
TOP OF THE 6TH |
Hammond Herons batting - Pitching for Columbia River Rats : RHP Anderson O'Mara
|
Batting: RHB Joel Galindo
|
0-0: Ball 1-0: Foul Ball, location: 2F 1-1: Ball 2-1: Foul Ball, location: 2F 2-2: Ball 3-2: Ground out 5-3 (Groundball, 56)
|
Batting: RHB Theodore York
|
0-0: Called Strike 0-1: Ground out 6-3 (Groundball, 6S)
|
Batting: RHB José Jarca
|
0-0: Swinging Strike 0-1: Ball 1-1: Foul Ball, location: 2F 1-2: Foul Ball, location: 2F 1-2: Foul Ball, location: 2F 1-2: Ground out 1-3 (Groundball, 13S)
|
Top of the 6th over - 0 run(s), 0 hit(s), 0 error(s), 0 left on base; Hammond 5 - Columbia 1 |
BOTTOM OF THE 6TH |
Columbia River Rats batting - Pitching for Hammond Herons : RHP José Díaz
|
Batting: RHB Miguel Delgado
|
0-0: Ball 1-0: Swinging Strike 1-1: Ground out U3 (Groundball, 3S)
|
Batting: RHB Héctor Gallegos
|
0-0: Ball 1-0: Ball 2-0: Ground out 1-3 (Groundball, 13)
|
Batting: RHB Miguel Montoya
|
0-0: Swinging Strike 0-1: Ball 1-1: Swinging Strike 1-2: Ball 2-2: Strikes out looking
|
Bottom of the 6th over - 0 run(s), 0 hit(s), 0 error(s), 0 left on base; Hammond 5 - Columbia 1 |
TOP OF THE 7TH |
Hammond Herons batting - Pitching for Columbia River Rats : RHP Anderson O'Mara
|
Batting: RHB Pancho Núñez
|
0-0: Ball 1-0: Ball 2-0: Ground out 5-3 (Groundball, 56S)
|
Batting: LHB Philip Strickland
|
0-0: Called Strike 0-1: Called Strike 0-2: Strikes out swinging
|
Batting: RHB Maikel Cobblepot
|
0-0: Foul Ball, location: 2F 0-1: SINGLE (Groundball, 6M)
|
Pitching: LHP Augusto Pérez
|
|
Batting: LHB Roberto Veliz
|
0-0: Ball 1-0: Called Strike 1-1: Foul Ball, location: 2F 1-2: Foul Ball, location: 2F 1-2: Strikes out swinging
|
Top of the 7th over - 0 run(s), 1 hit(s), 0 error(s), 1 left on base; Hammond 5 - Columbia 1 |
BOTTOM OF THE 7TH |
Columbia River Rats batting - Pitching for Hammond Herons : RHP José Díaz
|
Batting: RHB Owen Cannon
|
0-0: Ball 1-0: Ball 2-0: Swinging Strike 2-1: Called Strike 2-2: Foul Ball, location: 2F 2-2: Strikes out swinging
|
Batting: SHB Alejandro Castillo
|
0-0: Ball 1-0: Foul Ball, location: 2F 1-1: Fly out, F7 (Flyball, 7M)
|
Batting: RHB Baldomero Avino
|
0-0: Ball 1-0: Ball 2-0: Ball 3-0: Called Strike 3-1: SINGLE (Line Drive, 78S)
|
Pitching: RHP Steve Gardner
|
|
Batting: LHB António Ramos
|
0-0: Fly out, F7 (Flyball, 78M)
|
Bottom of the 7th over - 0 run(s), 1 hit(s), 0 error(s), 1 left on base; Hammond 5 - Columbia 1 |
TOP OF THE 8TH |
Hammond Herons batting - Pitching for Columbia River Rats : LHP Augusto Pérez
|
Batting: RHB Héctor Rivera
|
0-0: Ball 1-0: Fly out, F7 (Line Drive, 7M)
|
Batting: RHB Sergio Pérez
|
0-0: Called Strike 0-1: Hit by Pitch
|
Batting: RHB Joel Galindo
|
0-0: Ball 1-0: Fly out, F6 (Popup, 6)
|
Batting: RHB Theodore York
|
0-0: Called Strike 0-1: Ball 1-1: Called Strike 1-2: Fielders Choice at 2nd, U4 (Groundball, 4M)
|
Top of the 8th over - 0 run(s), 0 hit(s), 0 error(s), 1 left on base; Hammond 5 - Columbia 1 |
BOTTOM OF THE 8TH |
Columbia River Rats batting - Pitching for Hammond Herons : RHP Steve Gardner
|
Batting: RHB Ed Lastinger
|
0-0: Ball 1-0: Called Strike 1-1: Fly out, F6 (Line Drive, 6)
|
Batting: RHB Lorenzo Rosas
|
0-0: Swinging Strike 0-1: Swinging Strike 0-2: Ball 1-2: Fly out, F7 (Flyball, 7LMF)
|
Batting: RHB Miguel Delgado
|
0-0: Ball 1-0: Ball 2-0: Called Strike 2-1: Foul Ball, location: 2F 2-2: Fly out, F7 (Flyball, 78M)
|
Bottom of the 8th over - 0 run(s), 0 hit(s), 0 error(s), 0 left on base; Hammond 5 - Columbia 1 |
TOP OF THE 9TH |
Hammond Herons batting - Pitching for Columbia River Rats : LHP Augusto Pérez
|
Batting: RHB José Jarca
|
0-0: SINGLE (Groundball, 6M)
|
Batting: RHB Pancho Núñez
|
0-0: Bunted foul 0-1: Bunted foul 0-2: Ball 1-2: Fly out, F8 (Flyball, 8RM)
|
Batting: LHB Philip Strickland
|
0-0: Ball 1-0: Called Strike José Jarca is caught stealing 2nd base 1-1: Swinging Strike 1-2: Ball 2-2: Strikes out swinging
|
Top of the 9th over - 0 run(s), 1 hit(s), 0 error(s), 0 left on base; Hammond 5 - Columbia 1 |
BOTTOM OF THE 9TH |
Columbia River Rats batting - Pitching for Hammond Herons : RHP Steve Gardner
|
Pitching: RHP Mario Gonzáles
|
|
Batting: RHB Héctor Gallegos
|
0-0: Swinging Strike 0-1: Ball 1-1: Ball 2-1: Foul Ball, location: 2F 2-2: Ball 3-2: Strikes out swinging
|
Batting: RHB Miguel Montoya
|
0-0: Ball 1-0: Ground out 5-3 (Groundball, 56)
|
Batting: RHB Owen Cannon
|
0-0: DOUBLE (Flyball, 78M)
|
Batting: SHB Alejandro Castillo
|
0-0: Ball 1-0: Ground out 3-1 (Groundball, 34)
|
Bottom of the 9th over - 0 run(s), 1 hit(s), 0 error(s), 1 left on base; Hammond 5 - Columbia 1 |
|